BSA
NEVADA NOISE @ BAFFIN ISLAND BEAVERS
05/24/2028
 
TOP OF THE 1ST
Nevada Noise batting - Pitching for Baffin Island Beavers : RHP José Rojas
Pitching: RHP José Rojas
Batting: RHB Fernando Martínez 0-0: Ground out 5-3 (Groundball, 56)
Batting: RHB Stephen Wilson 0-0: Called Strike
0-1: Foul Ball, location: 2F
0-2: Ball
1-2: SOLO HOME RUN (Flyball, 7LD), Distance : 369 ft
Batting: SHB Julián Madrid 0-0: Ball
1-0: Ball
2-0: Ball
3-0: Base on Balls
Batting: LHB Willie Wallace 0-0: Called Strike
0-1: Ball
1-1: Ball
2-1: Ball
Wild Pitch!
Julián Madrid to second
3-1: Ground out 5-3 (Groundball, 56)
Batting: RHB Edward Young 0-0: Called Strike
0-1: Ball
1-1: Ball
2-1: Ball
3-1: Foul Ball, location: 2F
3-2: SINGLE (Groundball, 4MD)
Julián Madrid to third
Julián Madrid scores
Batting: LHB Sixto Cantú 0-0: Ball
1-0: Swinging Strike
1-1: Ball
2-1: Foul Ball, location: 2F
2-2: Foul Ball, location: 2F
2-2: Ball
3-2: Base on Balls
Edward Young to second
Batting: RHB Rich Ruffin 0-0: Ball
1-0: Called Strike
1-1: Foul Ball, location: 2F
1-2: Ball
2-2: Foul Ball, location: 2F
2-2: Strikes out looking
Top of the 1st over - 2 run(s), 2 hit(s), 0 error(s), 2 left on base; Nevada 2 - Baffin Island 0
BOTTOM OF THE 1ST
Baffin Island Beavers batting - Pitching for Nevada Noise : RHP Erwin Entwistle
Pitching: RHP Erwin Entwistle
Batting: RHB Eduardo García 0-0: Foul Ball, location: 2F
0-1: Ball
1-1: Called Strike
1-2: Ball
2-2: Strikes out swinging
Batting: SHB Alonso Ferreira 0-0: Ball
1-0: Foul Ball, location: 2F
1-1: Swinging Strike
1-2: Ball
2-2: Fly out, F9 (Line Drive, 9)
Batting: RHB Dave Craig 0-0: Ground out 5-3 (Groundball, 56)
Bottom of the 1st over - 0 run(s), 0 hit(s), 0 error(s), 0 left on base; Nevada 2 - Baffin Island 0
TOP OF THE 2ND
Nevada Noise batting - Pitching for Baffin Island Beavers : RHP José Rojas
Batting: LHB Pablo Reyes 0-0: Ball
1-0: Ball
2-0: Ball
3-0: Called Strike
3-1: Foul Ball, location: 2F
3-2: Base on Balls
Batting: RHB Vern Carlton 0-0: Foul Ball, location: 2F
0-1: Ball
1-1: Ball
2-1: Ball
3-1: Base on Balls
Pablo Reyes to second
Batting: RHB Fernando Martínez 0-0: Called Strike
0-1: Ball
1-1: Ball
2-1: Fielders Choice at 2nd, 1-6 (Groundball, P)
Pablo Reyes to third
Batting: RHB Stephen Wilson 0-0: Ball
1-0: SINGLE (Groundball, 34D)
Pablo Reyes scores
Fernando Martínez to second
Runner from 2nd tries for 3rd, SAFE, no throw
Batting: SHB Julián Madrid 0-0: Swinging Strike
0-1: Ball
1-1: Foul Ball, location: 2F
1-2: SINGLE (Line Drive, 34D)
Fernando Martínez scores
Stephen Wilson to second
Runner from 2nd tries for 3rd, SAFE, throw made to third
Batting: LHB Willie Wallace 0-0: Foul Ball, location: 2F
0-1: Ball
1-1: Ball
2-1: SINGLE (Groundball, 34) (infield hit)
Stephen Wilson scores
Julián Madrid to second
Batting: RHB Edward Young 0-0: Called Strike
0-1: SINGLE (Groundball, 4MD)
Julián Madrid to third
Willie Wallace to second
Batting: LHB Sixto Cantú 0-0: Ball
1-0: Called Strike
1-1: Ball
2-1: Swinging Strike
2-2: Ball
3-2: Strikes out swinging
Batting: RHB Rich Ruffin 0-0: Foul Ball, location: 2F
0-1: Called Strike
0-2: Ball
1-2: Strikes out swinging
Top of the 2nd over - 3 run(s), 4 hit(s), 0 error(s), 3 left on base; Nevada 5 - Baffin Island 0
BOTTOM OF THE 2ND
Baffin Island Beavers batting - Pitching for Nevada Noise : RHP Erwin Entwistle
Batting: RHB Tony Morton 0-0: Ball
1-0: Called Strike
1-1: DOUBLE (Line Drive, 9LM)
Batting: LHB Robert Phillips 0-0: Called Strike
0-1: Called Strike
0-2: Strikes out swinging
Batting: LHB Lorenzo Villa 0-0: Ball
1-0: Reached on error, E4 (Groundball, 4)
Tony Morton scores
Batting: RHB José Aguilera 0-0: Called Strike
0-1: Swinging Strike
0-2: Strikes out swinging
Batting: LHB Keng-chi Lao 0-0: Foul Ball, location: 2F
0-1: Ball
1-1: Foul Ball, location: 2F
1-2: Ball
2-2: SINGLE (Groundball, 4MD)
Lorenzo Villa to third
Runner from 3rd tries for Home, SAFE, no throw
Batting: LHB Mike MacFadden 0-0: Called Strike
0-1: Ball
1-1: Ball
2-1: Called Strike
2-2: Fly out, F7 (Flyball, 7LD)
Bottom of the 2nd over - 2 run(s), 2 hit(s), 1 error(s), 1 left on base; Nevada 5 - Baffin Island 2
TOP OF THE 3RD
Nevada Noise batting - Pitching for Baffin Island Beavers : RHP José Rojas
Batting: LHB Pablo Reyes 0-0: Foul Ball, location: 2F
0-1: Ball
1-1: Swinging Strike
1-2: Ground out 4-3 (Groundball, 4M)
Batting: RHB Vern Carlton 0-0: Called Strike
0-1: Ground out 4-3 (Groundball, 4)
Batting: RHB Fernando Martínez 0-0: Ball
1-0: Called Strike
1-1: Ball
2-1: Ball
3-1: SINGLE (Line Drive, 7S)
Batting: RHB Stephen Wilson 0-0: Ball
1-0: Ball
2-0: Swinging Strike
2-1: Swinging Strike
2-2: Foul Ball, location: 2F
2-2: Ball
3-2: Base on Balls
Fernando Martínez to second
Batting: SHB Julián Madrid 0-0: Foul Ball, location: 2F
0-1: Ball
1-1: Foul Ball, location: 2F
1-2: Foul Ball, location: 2F
1-2: Fly out, F7 (Flyball, 7S)
Top of the 3rd over - 0 run(s), 1 hit(s), 0 error(s), 2 left on base; Nevada 5 - Baffin Island 2
BOTTOM OF THE 3RD
Baffin Island Beavers batting - Pitching for Nevada Noise : RHP Erwin Entwistle
Batting: RHB Eduardo García 0-0: Ball
1-0: Ball
2-0: Ball
3-0: Base on Balls
Batting: SHB Alonso Ferreira 0-0: Ball
1-0: Ball
2-0: DOUBLE (Line Drive, 78XD)
Eduardo García to third
Runner from 3rd tries for Home, SAFE, no throw
Batting: RHB Dave Craig 0-0: Called Strike
0-1: Foul Ball, location: 2F
0-2: Ball
1-2: Strikes out looking
Batting: RHB Tony Morton 0-0: Called Strike
0-1: Ball
1-1: Ball
2-1: SINGLE (Line Drive, 4MD)
Alonso Ferreira to third
Runner from 3rd tries for Home, SAFE, throw made home
Tony Morton to second
Batting: LHB Robert Phillips 0-0: Ball
1-0: Ball
2-0: Ball
3-0: Ground out 4-3 (Groundball, 4M)
Tony Morton to third
Batting: LHB Lorenzo Villa 0-0: Ball
1-0: SINGLE (Line Drive, 8RS)
Tony Morton scores
Batting: RHB José Aguilera 0-0: Fly out, F6 (Popup, 6)
Bottom of the 3rd over - 3 run(s), 3 hit(s), 0 error(s), 1 left on base; Nevada 5 - Baffin Island 5
TOP OF THE 4TH
Nevada Noise batting - Pitching for Baffin Island Beavers : RHP José Rojas
Pitching: RHP Nathan Walters
Batting: LHB Willie Wallace 0-0: Swinging Strike
0-1: Ball
1-1: Ball
2-1: Swinging Strike
2-2: SINGLE (Line Drive, 89M)
Batting: RHB Edward Young 0-0: Ball
1-0: Ball
2-0: Ball
3-0: Base on Balls
Willie Wallace to second
Batting: LHB Sixto Cantú 0-0: Foul Ball, location: 2F
0-1: Ball
1-1: Ball
2-1: Ball
3-1: Foul Ball, location: 2F
3-2: Foul Ball, location: 2F
3-2: Foul Ball, location: 2F
3-2: Grounds into double play, 4-6-3 (Groundball, 34)
Willie Wallace to third
Batting: RHB Rich Ruffin 0-0: Called Strike
0-1: Fly out, F4 (Line Drive, 4)
Top of the 4th over - 0 run(s), 1 hit(s), 0 error(s), 1 left on base; Nevada 5 - Baffin Island 5
BOTTOM OF THE 4TH
Baffin Island Beavers batting - Pitching for Nevada Noise : RHP Erwin Entwistle
Batting: LHB Keng-chi Lao 0-0: Ground out 4-3 (Groundball, 4M)
Batting: LHB Mike MacFadden 0-0: Ball
1-0: Ball
2-0: Ball
3-0: Called Strike
3-1: Base on Balls
Batting: RHB Eduardo García 0-0: Ball
1-0: Foul Ball, location: 2F
1-1: Foul Ball, location: 2F
1-2: Foul Ball, location: 2F
1-2: Ball
2-2: Ball
3-2: Fly out, F9 (Flyball, 9S)
Batting: SHB Alonso Ferreira 0-0: Called Strike
0-1: Ball
Wild Pitch!
Mike MacFadden to second
1-1: Called Strike
1-2: DOUBLE (Line Drive, 8LXD)
Mike MacFadden scores
Batting: RHB Dave Craig 0-0: Foul Ball, location: 2F
0-1: Ball
1-1: SINGLE (Line Drive, 4M)
Alonso Ferreira to third
Batting: RHB Tony Morton 0-0: Called Strike
0-1: SINGLE (Line Drive, 4D)
Alonso Ferreira scores
Dave Craig to second
Runner from 2nd tries for 3rd, SAFE, no throw
Pitching: RHP Alfredo Montero
Batting: LHB Robert Phillips 0-0: Ball
1-0: Ball
2-0: Ball
3-0: Called Strike
3-1: Fielders Choice at 2nd, 4-6 (Groundball, 4D)
Bottom of the 4th over - 2 run(s), 3 hit(s), 0 error(s), 1 left on base; Nevada 5 - Baffin Island 7
TOP OF THE 5TH
Nevada Noise batting - Pitching for Baffin Island Beavers : RHP Nathan Walters
Batting: LHB Pablo Reyes 0-0: Ground out 5-3 (Groundball, 5S)
Batting: RHB Vern Carlton 0-0: Ball
1-0: Called Strike
1-1: Ball
2-1: Foul Ball, location: 2F
2-2: Ground out 4-3 (Groundball, 4D)
Batting: RHB Fernando Martínez 0-0: Called Strike
0-1: Ball
1-1: Ball
2-1: Ball
3-1: Fly out, F7 (Flyball, 7D)
Top of the 5th over - 0 run(s), 0 hit(s), 0 error(s), 0 left on base; Nevada 5 - Baffin Island 7
BOTTOM OF THE 5TH
Baffin Island Beavers batting - Pitching for Nevada Noise : RHP Alfredo Montero
Batting: LHB Lorenzo Villa 0-0: Called Strike
0-1: Ground out 4-3 (Groundball, 34)
Batting: RHB José Aguilera 0-0: Fly out, F9 (Flyball, 9S)
Batting: LHB Keng-chi Lao 0-0: Fly out, F2 (Popup, 34S)
Bottom of the 5th over - 0 run(s), 0 hit(s), 0 error(s), 0 left on base; Nevada 5 - Baffin Island 7
TOP OF THE 6TH
Nevada Noise batting - Pitching for Baffin Island Beavers : RHP Nathan Walters
Batting: RHB Stephen Wilson 0-0: Called Strike
0-1: Ball
1-1: Swinging Strike
1-2: Ball
2-2: Foul Ball, location: 2F
2-2: Ball
3-2: Strikes out swinging
Batting: SHB Julián Madrid 0-0: Called Strike
0-1: Swinging Strike
0-2: Ball
1-2: Ball
2-2: Fly out, F8 (Flyball, 8RD)
Batting: LHB Willie Wallace 0-0: Called Strike
0-1: Ball
1-1: Called Strike
1-2: Strikes out swinging
Top of the 6th over - 0 run(s), 0 hit(s), 0 error(s), 0 left on base; Nevada 5 - Baffin Island 7
BOTTOM OF THE 6TH
Baffin Island Beavers batting - Pitching for Nevada Noise : RHP Alfredo Montero
Batting: LHB Mike MacFadden 0-0: Ball
1-0: Foul Ball, location: 2F
1-1: Ball
2-1: Foul Ball, location: 2F
2-2: Ground out 3-1 (Groundball, 34)
Batting: RHB Eduardo García 0-0: Ball
1-0: Ball
2-0: Foul Ball, location: 2F
2-1: Ground out 4-3 (Groundball, 4M)
Batting: SHB Alonso Ferreira 0-0: Called Strike
0-1: Foul Ball, location: 2F
0-2: SINGLE (Line Drive, 78S)
Batting: RHB Dave Craig 0-0: Called Strike
0-1: Ball
1-1: Swinging Strike
1-2: Fielders Choice at 2nd, 4-6 (Groundball, 4)
Bottom of the 6th over - 0 run(s), 1 hit(s), 0 error(s), 0 left on base; Nevada 5 - Baffin Island 7
TOP OF THE 7TH
Nevada Noise batting - Pitching for Baffin Island Beavers : RHP Nathan Walters
Batting: RHB Edward Young 0-0: Called Strike
0-1: Ball
1-1: Foul Ball, location: 2F
1-2: Foul Ball, location: 2F
1-2: Foul Ball, location: 2F
1-2: Ball
2-2: Foul Ball, location: 2F
2-2: Strikes out swinging
Batting: LHB Sixto Cantú 0-0: Ball
1-0: Foul Ball, location: 2F
1-1: Ground out 6-3 (Groundball, 6)
Batting: RHB Rich Ruffin 0-0: Foul Ball, location: 2F
0-1: Ball
1-1: Called Strike
1-2: Foul Ball, location: 2F
1-2: Foul Ball, location: 2F
1-2: Ball
2-2: Ball
3-2: Ground out 5-3 (Groundball, 5)
Top of the 7th over - 0 run(s), 0 hit(s), 0 error(s), 0 left on base; Nevada 5 - Baffin Island 7
BOTTOM OF THE 7TH
Baffin Island Beavers batting - Pitching for Nevada Noise : RHP Alfredo Montero
Batting: RHB Tony Morton 0-0: Ball
1-0: Foul Ball, location: 2F
1-1: Ball
2-1: Ball
3-1: Base on Balls
Batting: LHB Robert Phillips 0-0: Ball
1-0: Called Strike
1-1: Called Strike
1-2: Foul Ball, location: 2F
1-2: Ball
2-2: Strikes out swinging
Batting: LHB Lorenzo Villa 0-0: Ball
1-0: Foul Ball, location: 2F
1-1: Foul Ball, location: 2F
1-2: Grounds into double play, 4-6-3 (Groundball, 4)
Bottom of the 7th over - 0 run(s), 0 hit(s), 0 error(s), 0 left on base; Nevada 5 - Baffin Island 7
TOP OF THE 8TH
Nevada Noise batting - Pitching for Baffin Island Beavers : RHP Nathan Walters
Pitching: RHP Luis Féliz
Now at 1B: Ron Edwards
Batting: LHB Pablo Reyes 0-0: Swinging Strike
0-1: Fly out, F8 (Line Drive, 89M)
Batting: RHB Vern Carlton 0-0: Ball
1-0: SINGLE (Groundball, 6D)
Pitching: RHP Steve Griffin
Batting: RHB Fernando Martínez 0-0: Ball
1-0: Ball
2-0: SINGLE (Groundball, 5D)
Vern Carlton to second
Batting: RHB Stephen Wilson 0-0: Called Strike
0-1: Foul Ball, location: 2F
0-2: Ball
1-2: Ball
2-2: Ball
3-2: Foul Ball, location: 2F
3-2: Foul Ball, location: 2F
3-2: Fly out, F7 (Flyball, 7S)
Pitching: LHP Jaime Guzmán
Batting: SHB Julián Madrid 0-0: Ball
1-0: Ball
2-0: Ball
3-0: Called Strike
3-1: Foul Ball, location: 2F
3-2: Base on Balls
Vern Carlton to third
Fernando Martínez to second
Batting: LHB Willie Wallace 0-0: Ball
1-0: Ball
2-0: Called Strike
2-1: Ball
3-1: Foul Ball, location: 2F
3-2: Foul Ball, location: 2F
3-2: SINGLE (Groundball, 3D)
Vern Carlton scores
Fernando Martínez to third
Julián Madrid to second
Fernando Martínez scores
Julián Madrid to third
Batting: RHB Edward Young 0-0: Foul Ball, location: 2F
0-1: Called Strike
0-2: Ball
1-2: Strikes out swinging
Top of the 8th over - 2 run(s), 3 hit(s), 0 error(s), 2 left on base; Nevada 7 - Baffin Island 7
BOTTOM OF THE 8TH
Baffin Island Beavers batting - Pitching for Nevada Noise : RHP Alfredo Montero
Batting: RHB José Aguilera 0-0: Called Strike
0-1: Called Strike
0-2: Ground out 6-3 (Groundball, 6)
Batting: LHB Keng-chi Lao 0-0: DOUBLE (Line Drive, 9LS)
Batting: LHB Mike MacFadden 0-0: Fly out, F9 (Flyball, 9)
Batting: RHB Eduardo García 0-0: 2-RUN HOME RUN (Flyball, 9D), Distance : 424 ft
Pitching: RHP Mike Pierce
Batting: SHB Alonso Ferreira 0-0: Called Strike
0-1: Ball
1-1: Ball
2-1: Fly out, F7 (Flyball, 78M)
Bottom of the 8th over - 2 run(s), 2 hit(s), 0 error(s), 0 left on base; Nevada 7 - Baffin Island 9
TOP OF THE 9TH
Nevada Noise batting - Pitching for Baffin Island Beavers : LHP Jaime Guzmán
Pitching: LHP Brent Miller
Batting: LHB Sixto Cantú 0-0: Ball
1-0: Ball
2-0: Ball
3-0: Base on Balls
Batting: RHB Rich Ruffin 0-0: Ball
1-0: Ball
2-0: Foul Ball, location: 2F
2-1: Foul Ball, location: 2F
2-2: Foul Ball, location: 2F
2-2: Foul Ball, location: 2F
2-2: Ball
3-2: Foul Ball, location: 2F
3-2: Strikes out swinging
Pinch Hitting: RHB Jesús Hernández 0-0: Ball
1-0: Called Strike
1-1: Ball
2-1: Foul Ball, location: 2F
2-2: Grounds into double play, 5-4-3 (Groundball, 56)
Top of the 9th over - 0 run(s), 0 hit(s), 0 error(s), 0 left on base; Nevada 7 - Baffin Island 9
Tuesday, August 8th, 2017 - OOTP Baseball 17.12 Build 75